 Dungeon Crawl Stone Soup version 0.32-a0-675-gdc239d62e1 (webtiles) character file.

Game seed: 13345733383572559714

38 Esekla the Gusty (level 3, -3/27 HPs)
             Began as a Mountain Dwarf Wanderer on Mar 11, 2024.
             Slain by a phantom (6 damage)
             ... on level 2 of the Dungeon on Mar 12, 2024.
             The game lasted 00:12:49 (1729 turns).

Esekla the Gusty (Mountain Dwarf Wanderer)          Turns: 1729, Time: 00:12:50

Health: -3/27      AC:  3    Str: 11    XL:     3   Next: 25%
Magic:  5/5        EV: 10    Int: 12    God:
Gold:   39         SH:  0    Dex: 14    Spells: 1/4 levels left

rFire   . . .        a - +0 dagger
rCold   . . .        (no shield)
rNeg    . . .        c - +0 leather armour
rPois   .            (no helmet)
rElec   .            (no cloak)
rCorr   .            (no gloves)
SInv    .            (no boots)
Will    .....        (no amulet)
Stlth   +            (no ring)
HPRegen 0.24/turn    (no ring)
MPRegen 0.09/turn

%: no passive effects
@: no status effects
A: runic magic, artefact enchanting
a: no special abilities


You were on level 2 of the Dungeon.
You visited 1 branch of the dungeon, and saw 2 of its levels.

You collected 39 gold pieces.

Inventory:

Hand Weapons
 a - a +0 dagger (weapon)
Missiles
 g - 6 javelins (quivered)
 j - 3 boomerangs
 n - a throwing net
Armour
 c - a +0 leather armour (worn)
Wands
 d - a wand of flame (6)
Scrolls
 m - a scroll of teleportation {unknown}
Potions
 b - a potion of haste
 f - a potion of resistance {unknown}
 h - a potion of enlightenment {unknown}
 i - a potion of curing {unknown}
 o - a potion of ambrosia {unknown}


   Skills:
 * Level 0.6 Fighting
 + Level 0.4 Short Blades
 + Level 1.6 Armour
 + Level 0.1 Dodging
 * Level 1.4 Spellcasting
 * Level 0.1 Conjurations
 - Level 2.0 Summonings
 + Level 2.5 Air Magic
 * Level 0.5 Alchemy
 + Level 1.2 Invocations
 + Level 2.2 Evocations


You had one spell level left.
You knew the following spells:

 Your Spells              Type           Power      Damage    Failure   Level
c - Mephitic Cloud        Conj/Alch/Air  3%         N/A       52%         3

Your spell library contained the following spells:

 Spells                   Type           Power      Damage    Failure   Level
 Summon Small Mammal      Summ           20%        N/A       14%         1
 Shock                    Conj/Air       16%        1d4       19%         1
 Freeze                   Ice            0%         1d3       30%         1
 Summon Ice Beast         Ice/Summ       3%         N/A       52%         3
 Hailstorm                Conj/Ice       1%         3d5       65%         3
 Frozen Ramparts          Ice            0%         1d1       67%         3
 Vhi's Electric Charge    Tloc/Air       6%         N/A       88%         4


Dungeon Overview and Level Annotations

Branches:
Dungeon (2/15)

Altars:

Shops:
D:1 ?

Annotations:
D:1 worm


Innate Abilities, Weirdness & Mutations

Your spellcasting is much less encumbered by armour.
You can use scrolls of enchantment on lesser artefacts.


Message History

You hit the phantom.
The phantom is lightly damaged.
The phantom hits you.
You hit the phantom.
The phantom is lightly damaged.
A hobgoblin comes into view.
The phantom hits you!
The hobgoblin shouts!
The phantom attacks as it pursues you! The phantom hits you.
The phantom blinks!
You blink.
You hit the phantom but do no damage.
The phantom is lightly damaged.
The phantom hits you.
A giant cockroach comes into view.
The kobold hits you but does no damage.
The hobgoblin attacks as it pursues you!
The hobgoblin barely misses you. The phantom attacks as it pursues you!
The phantom hits you.
The phantom blinks!
You blink.
A ball python and an adder come into view.
The giant cockroach bites you.
* * * LOW HITPOINT WARNING * * *
The adder hisses angrily.
You hit the phantom but do no damage.
The phantom is lightly damaged.
You hear a shout!
The phantom barely misses you.
As you read the scroll labelled WENTEF YROCU, it dissolves into smoke.
It was a scroll of fog.
The phantom hits you.
* * * LOW HITPOINT WARNING * * *
As you read the scroll labelled RIHATT FUDA, it crumbles to dust.
You feel aware of your surroundings.
It was a scroll of revelation.
A hobgoblin and a giant cockroach come into view.
The phantom hits you but does no damage.
Found three items.
As you read the scroll labelled IVIDOAXUMM, it crumbles to dust.
It is a scroll of amnesia.
Okay, then.
The phantom hits you.
You die...

*,**..........##W#
**###.#####.###.#.##.##
**,....#####.#....W....#
*,,###.#.......#######.#
*,,..........#.### #.#
*,,#######.§§#.### #.#
*,,#.....#§§§§.### #.#
*,,##...##§§§#.### #.#
**,#)?.?g#@#.#.### #.#
*.###.###W#...###***#.#
*.....BSSB#.#....,,,..#
*#######K##.#####******
######g##.#####
######....#####
######..#.#####
****########..#.#####
*,,,..........#K# #####


You could see a phantom, an adder, a giant cockroach, a hobgoblin and a kobold.

Vanquished Creatures
  A dart slug (D:1)
  5 endoplasms
  4 giant cockroaches
  3 goblins
  4 hobgoblins (D:2)
  2 quokkas
  4 ball pythons (D:1)
  3 bats
  2 frilled lizards
  2 kobolds (D:1)
30 creatures vanquished.

Notes
Turn   | Place    | Note
-------+----------+-------------------------------------------
     0 | D:1      | Esekla the Mountain Dwarf Wanderer began the quest for the
                  | Orb.
     0 | D:1      | Esekla set off with the following items: a +0 dagger, a
                  | potion of haste, a +0 leather armour, a wand of flame (6);
                  | and the following spells available to memorise: Summon
                  | Small Mammal, Shock, Summon Ice Beast, Mephitic Cloud,
                  | Vhi's Electric Charge.
     0 | D:1      | Reached XP level 1. HP: 14/14 MP: 2/2
   260 | D:1      | Reached XP level 2. HP: 11/20 MP: 3/3
   524 | D:1      | Found Nuywash's Magic Scroll Shop.
  1007 | D:2      | Reached XP level 3. HP: 27/27 MP: 5/5
  1011 | D:2      | Learned a level 3 spell: Mephitic Cloud
  1052 | D:2      | Noticed a phantom
  1729 | D:2      | Slain by a phantom

Illustrated notes

Levels and vault maps discovered:
D:1:      lightli_arrival_maybe_door_vault, layout_basic, serial_shops,
          nicolae_shop_rolled_up, serial_corexii_hall, corexii_hall_statues_i,
          chequers_hall_statues_corner_a
D:2:      layout_loops_ring, minmay_split_cup_large, uniq_crazy_yiuf_cottage

Action                     || total
---------------------------++-------
  Melee: Dagger            ||   190
  Throw: Javelin           ||     1
    Use: Scroll            ||     3
   Stab: Sleeping          ||     1
 Armour: Leather armour    ||   134
  Dodge: Dodged            ||    99

Table legend: (Time is in decaauts)
 A = Elapsed time spent in this place.
 B = Non-inter-level travel time spent in this place.
 C = Inter-level travel time spent in this place.
 D = Time resting spent in this place.
 E = Time spent auto-exploring this place.
 F = Levels seen in this place.
 G = Mean time per level.
                   A        B        C        D        E       F      G
               +--------+--------+--------+--------+--------+-----+--------+
         Total |   1730 |   1692 |     38 |    273 |    204 |   2 |  865.0 |
       Dungeon |   1730 |   1692 |     38 |    273 |    204 |   2 |  865.0 |
               +--------+--------+--------+--------+--------+-----+--------+

Top non-repeatable levels by time:
     D:1: 1056 daAuts
     D:2: 674 daAuts
